AoeStats
← Křovák

Golden Pit

508191842Analyzed
1v1 RM · 12d ago on Sep 21, 2026· 52m 40s· 2 players
Game mode
Random Map
Map size
Tiny (2 player)
Population
200
Speed
Normal
Resources
Standard
Victory
Conquest
Starting age
Dark Age
Ending age
Imperial Age
RankedLock teamsTeams togetherTeam positionsShared explorationLock speedFull tech treeHidden civsTurbo modeCheats
Victory
Defeat
🇨🇿 Byzantines · Czechia
873
+17
🇳🇱 Japanese · Netherlands
897
-17
Křovák
7:26 Loom
11:23 Feudal Age
12:44 Double-Bit Axe
13:58 Horse Collar
20:27 Castle Age
21:34 Bow Saw
24:13 Heavy Plow
26:15 Fletching
26:25 Padded Archer Armor
28:23 Crossbowman
31:50 Bodkin Arrow
32:36 Elite Skirmisher
36:26 Imperial Age
36:47 Murder Holes
37:35 Leather Archer Armor
39:17 Ballistics
48:38 Forging
50:46 Iron Casting
50:17 Scale Barding Armor
50:07 Gold Mining
JBM-vogel
5:24 Loom
9:54 Feudal Age
13:46 Man-at-Arms
14:19 Arson
16:02 Double-Bit Axe
16:07 Horse Collar
17:15 Scale Mail Armor
21:09 Castle Age
21:53 Fletching
21:29 Crossbowman
25:50 Bodkin Arrow
27:01 Padded Archer Armor
27:18 Gold Mining
27:40 Bow Saw
27:34 Heavy Plow
27:39 Stone Mining
29:21 Ballistics
30:33 Leather Archer Armor
32:05 Wheelbarrow
31:16 Town Watch
37:23 Imperial Age
35:34 Bloodlines
34:54 Light Cavalry
40:40 Cavalier
41:41 Husbandry
41:58 Arbalester
42:04 Light Cavalry
42:55 Scale Barding Armor
43:01 Forging
42:38 Pikeman
43:34 Long Swordsman
44:13 Gambesons
45:54 Conscription
45:54 Masonry
46:10 Siege Engineers
46:27 Siege Engineers
46:48 Chain Mail Armor
47:32 Iron Casting
46:25 Two-Handed Swordsman
49:42 Gold Shaft Mining
49:18 Champion
50:02 Squires
Connection lost

Rejoining the realm…

Still unreachable

The connection could not be restored.

Session expired

The server has moved on; the page needs a fresh start.